 Dungeon Crawl Stone Soup version 0.30-b1-2-g02819fbbbe (webtiles) character file.

Game seed: 4289345463883216485

552 Mesmaeker13 the Vexing (level 6, -6/46 HPs)
             Began as a Demigod Hexslinger on July 18, 2023.
             Mangled by an ogre
             ... wielding a +0 giant club
              (13 damage)
             ... on level 4 of the Dungeon.
             The game lasted 00:09:38 (3147 turns).

Mesmaeker13 the Vexing (Demigod Hexslinger)         Turns: 3147, Time: 00:09:38

Health: -6/46      AC:  5    Str: 15    XL:     6   Next: 80%
Magic:  10/11      EV: 12    Int: 19    God:
Gold:   162        SH:  5    Dex: 14    Spells: 5/9 levels left

rFire   . . .        d - +1 war axe (elec)
rCold   . . .        (no shield)
rNeg    . . .        m - +0 leather armour
rPois   .            e - +0 helmet
rElec   .            (no cloak)
rCorr   .            n - +0 pair of gloves
SInv    .            (no boots)
Will    .....        j - amulet of reflection
Stlth   +            (no ring)
HPRegen 0.27/turn    (no ring)
MPRegen 0.12/turn

%: reflection
@: no status effects
A: high MP 1, forlorn, divine attributes
a: no special abilities


You were on level 4 of the Dungeon.
You visited 1 branch of the dungeon, and saw 4 of its levels.
You also visited: Sewer.

You collected 162 gold pieces.

Inventory:

Hand Weapons
 a - a +1 sling
 d - a +1 war axe of electrocution (weapon)
 y - a +0 hand axe of flaming
Missiles
 h - 3 throwing nets (quivered)
Armour
 e - a +0 helmet (worn)
 m - a +0 leather armour (worn)
 n - a +0 pair of gloves (worn)
Jewellery
 j - an amulet of reflection (around neck)
 x - a ring of ice
Wands
 q - a wand of flame (2)
Scrolls
 b - a scroll of poison
 i - 2 scrolls of enchant weapon {unknown}
 k - 3 scrolls of identify {unknown}
 l - a scroll of amnesia {unknown}
 o - 7 scrolls of noise
 p - a scroll of brand weapon {unknown}
 t - a scroll of acquirement {unknown}
 u - a scroll of enchant armour {unknown}
 v - a scroll of fog {unknown}
 w - a scroll of blinking {unknown}
 A - a scroll of teleportation {unknown}
Potions
 c - a potion of brilliance {unknown}
 f - 2 potions of resistance {unknown}
 g - 3 potions of lignification {unknown}
 r - a potion of curing {unknown}
 s - 2 potions of heal wounds {unknown}
 z - a potion of attraction {unknown}


   Skills:
 - Level 0.8 Fighting
 + Level 3.7 Ranged Weapons
 + Level 2.0 Armour
 - Level 3.0 Dodging
 - Level 2.0 Spellcasting
 + Level 4.3 Hexes
 + Level 2.3 Fire Magic


You had 5 spell levels left.
You knew the following spells:

 Your Spells              Type           Power      Damage    Failure   Level
a - Slow                  Hex            72%        N/A       3%          1
b - Inner Flame           Hex/Fire       14%        N/A       16%         3

Your spell library contained the following spells:

 Spells                   Type           Power      Damage    Failure   Level
 Portal Projectile        Hex/Tloc       20%        N/A       26%         3
 Cause Fear               Hex            9%         N/A       34%         4


Dungeon Overview and Level Annotations

Branches:
Dungeon (4/15)              Sewer (visited)
 Temple: D:4-7

Shops:
D:2 ?


Innate Abilities, Weirdness & Mutations

You have an increased reservoir of magic. (+10% MP)
You shall have no god before yourself.
Your divine heritage dramatically boosts your attributes as you level up.


Message History

Aim: an ogre, wielding a +0 giant club (heavily wounded, chance to affect: 50%)
The ogre resists with significant effort.
The ogre barely misses you.
You barely miss the ogre.
The ogre is heavily wounded.
The ogre barely misses you.
You barely miss the ogre.
The ogre is heavily wounded.
The ogre closely misses you.
You closely miss the ogre.
The ogre is heavily wounded.
The ogre misses you.
You hit the ogre but do no damage.
The ogre is heavily wounded.
The ogre hits you with a +0 giant club.
You hit the ogre.
The ogre is severely wounded.
The ogre closely misses you.
You barely miss the ogre.
The ogre is severely wounded.
The ogre hits you with a +0 giant club!
You barely miss the ogre.
The ogre is severely wounded.
The ogre hits you with a +0 giant club!!
Ouch! That really hurt!
* * * LOW HITPOINT WARNING * * *
Casting: Slow (safe; 3% risk of failure)
Confirm with . or Enter, or press ? or * to list all spells.
Aiming: Slow (safe; 3% risk of failure)
Press: ? - help, Shift-Dir - straight line, f/p - ogre
Aim: an ogre, wielding a +0 giant club (severely wounded, chance to affect: 50%)
The ogre seems to slow down.
Unknown command.
You hit the ogre.
The ogre is severely wounded.
You block the ogre's attack.
You hit the ogre.
The ogre is almost dead.
The ogre hits you with a +0 giant club!
You die...

#.# #.# #.. #.# #.# #.# #.#
#.# #.# #.# ######.# #.#
#.########.###..>.... #.#
#..........##...###.# #.#
#.########........... #.# #.#
#.##...###.. #.#
#.########...........
#.########.#.@O...............
#..........<...####..##.#####.
##########.###.####..##.# #.
#.# #.......##.# #. #.#
######.###O#####. #.# #.#
#...O... #.. ..# ######## ###
###


You could see an ogre (slow).

Vanquished Creatures
  Eustachio (D:3)
  Pargi (Sewer)
  A phantom (D:4)
  An iguana (D:3)
  Natasha (twice) (D:4)
  4 gnolls (D:3)
  4 adders
  2 worms (D:4)
  A dart slug (D:2)
  An orc (D:3)
  10 bats
  5 endoplasms
  7 giant cockroaches
  9 goblins
  9 hobgoblins
  2 jackals (D:1)
  5 kobolds
  2 quokkas (D:1)
  6 ball pythons
  7 frilled lizards
  8 rats
88 creatures vanquished.

Notes
Turn   | Place    | Note
-------+----------+-------------------------------------------
     0 | D:1      | Mesmaeker13 the Demigod Hexslinger began the quest for the
                  | Orb.
     0 | D:1      | Reached XP level 1. HP: 15/15 MP: 4/4
   161 | D:1      | Reached XP level 2. HP: 15/22 MP: 6/6
   291 | D:1      | Reached skill level 3 in Hexes
   454 | D:1      | Reached XP level 3. HP: 27/27 MP: 7/7
   458 | D:1      | Learned a level 3 spell: Inner Flame
  1258 | D:2      | Found Ywaebos's Magic Scroll Boutique.
  1716 | D:3      | Reached XP level 4. HP: 34/34 MP: 9/9
  2276 | D:3      | Reached XP level 5. HP: 30/39 MP: 10/10
  2471 | D:4      | Noticed Natasha
  2475 | D:4      | Killed Natasha
  2592 | D:4      | Reached skill level 1 in Fire Magic
  2605 | D:4      | Noticed Natasha
  2610 | D:4      | Killed Natasha
  2622 | D:4      | Found a glowing drain.
  2646 | Sewer    | Entered a sewer
  2688 | Sewer    | Noticed Pargi
  2692 | Sewer    | Killed Pargi
  2693 | Sewer    | Reached skill level 1 in Armour
  2693 | Sewer    | Reached skill level 4 in Hexes
  2693 | Sewer    | Reached XP level 6. HP: 43/46 MP: 11/11
  2833 | D:4      | Noticed Eustachio
  2857 | D:3      | Killed Eustachio
  3147 | D:4      | Mangled by an ogre

Illustrated notes

Levels and vault maps discovered:
D:1:      dpeg_arrival_subterranean_lakeside_camping, layout_rooms,
          minmay_misc_feat_more_columns
D:2:      layout_rooms, serial_shops, shop_scrolls, nicolae_ecumenical_oubliette
D:3:      minmay_evil_eye, layout_loops_ring, vehumet_altar_wand_db,
          mainiacjoe_overflow_paths
D:4:      black_bear_nest_1, layout_loops_ring, lemuel_round_altar,
          mainiacjoe_overflow_alcove_1, cheibrodos_sewer_entry_sluice,
          amcnicky_mini_pool_small, uniq_eustachio, uniq_natasha

Skill      XL: |  1  2  3  4  5  6 |
---------------+-------------------+-----
Ranged Weapons | 2 3 |  3.7
Dodging        | 2 3 |  3.0
Hexes          | 3 4 |  4.3
Spellcasting   | 2 |  2.0
Fire Magic     | 1 2 |  2.3
Armour         | 1 2 |  2.0
Fighting       | |  0.8

Action                     |  1- 3 |  4- 6 || total
---------------------------+-------+-------++-------
  Melee: War axe           |    33 |    43 ||    76
         Punch             |       |     1 ||     1
   Fire: Sling             |   191 |    48 ||   239
   Cast: Slow              |     1 |    25 ||    26
  Evoke: Wand              |       |    36 ||    36
    Use: Scroll            |     1 |       ||     1
   Stab: Sleeping          |     1 |       ||     1
 Armour: Robe              |    20 |     6 ||    26
         Leather armour    |       |     1 ||     1
  Dodge: Dodged            |    87 |    33 ||   120
  Block: Other             |    31 |    14 ||    45
         Reflection        |     1 |       ||     1
